 Dungeon Crawl Stone Soup version 0.28-a0-1206-g193881aaa2 (webtiles) character file.

Game seed: 1455598490877972777

253734 miscthings the Eclecticist (level 19, -6/204 HPs)
             Began as a Purple Draconian Artificer on Dec 20, 2021.
             Was the Champion of Sif Muna.
             Mangled by a shambling mangrove (20 damage)
             ... in a wizard's laboratory.
             The game lasted 02:11:57 (41206 turns).

miscthings the Eclecticist (DrAr)                  Turns: 41206, Time: 02:11:58

Health: -6/204     AC: 34    Str: 26    XL:     19   Next: 38%
Magic:  22/38      EV: 13    Int: 30    God:    Sif Muna [******]
Gold:   3586       SH: 19    Dex: 14    Spells: 4/49 levels left

rFire   + . .      SeeInvis +   M - +8 flail of the Key {vorpal, +Blink Int+2 Dex+2}
rCold   x . .      Faith    .   S - +1 kite shield {reflect}
rNeg    + . .      Spirit   .   (armour unavailable)
rPois   ∞          Reflect  +   R - +2 hat {SInv}
rElec   +          Harm     .   j - +2 cloak
rCorr   .          Rampage  .   (gloves currently unavailable)
Will    ++...                   (boots currently unavailable)
Stlth   ++........              c - amulet of Past Mistakes {Reflect Drain rElec Regen+ Int+9 SH+5}
HPRegen 1.24/turn               n - ring of Popenalu {Fire rPois Str+6}
MPRegen 0.26/turn               W - ring of Laom {Wiz +Blink Str+4 Int+5 Dex-4}

@: statue-form, grasped by roots, constricted, very slow
A: slow and powerful, torment resistance 1, boosted hp, (breathe power), AC +10,
unfitting armour, cold-blooded, wild magic 1
}: 1/15 runes: gossamer
a: End Transformation, Renounce Religion, Evoke Blink, Channel Magic, Forget
Spell, Divine Exegesis


You were in a wizard's laboratory.
You worshipped Sif Muna.
Sif Muna was exalted by your worship.
You were a living statue of rough stone.
You visited 7 branches of the dungeon, and saw 33 of its levels.
You visited the Abyss 1 time.
You also visited: Sewer, Ossuary, Volcano and Wizlab.

You collected 4880 gold pieces.
You spent 1294 gold pieces at shops.

Inventory:

Hand Weapons
 M - the +8 flail of the Key (weapon) {vorpal, +Blink Int+2 Dex+2}
   (You found it on level 10 of the Dungeon)

   It inflicts extra damage upon your enemies.
   Int:       It affects your intelligence (+2).
   Dex:       It affects your dexterity (+2).
   +Blink:    It lets you blink.
Missiles
 x - a throwing net
 F - 9 curare-tipped darts (quivered)
Armour
 h - a +0 buckler
 j - a +2 cloak (worn)
 p - the +0 pair of gloves "Ygiedo" (melded) {rC+++}
   (You found it on level 1 of the Depths)

   rC:        It renders you almost immune to cold.
 q - a +0 pair of boots (melded)
 R - a +2 hat of see invisible (worn)
 S - a +1 kite shield of reflection (worn)
Jewellery
 c - the amulet of Past Mistakes (around neck) {Reflect Drain rElec Regen+ Int+9 SH+5}
   (You acquired it on level 11 of the Dungeon)

   [amulet of reflection]

   It reflects blocked missile attacks.
   Int:       It affects your intelligence (+9).
   rElec:     It insulates you from electricity.
   Regen:     It increases your rate of health regeneration.
   Drain:     It drains your maximum health when unequipped.
   SH:        It affects your SH (+5).
 k - a ring of resist corrosion
 n - the ring of Popenalu (left fist) {Fire rPois Str+6}
   (You bought it in a shop on level 1 of the Orcish Mines)

   [ring of fire]

   It enhances your fire magic.
   Str:       It affects your strength (+6).
   rF:        It protects you from fire.
   rC:        It makes you vulnerable to cold.
   rPois:     It protects you from poison.
 y - a ring of protection from fire
 L - a +4 ring of protection
 O - a ring of flight
 W - the ring of Laom (right fist) {Wiz +Blink Str+4 Int+5 Dex-4}
   (You found it on level 6 of the Lair of Beasts)

   [ring of wizardry]

   It improves your spell success rate.
   Str:       It affects your strength (+4).
   Int:       It affects your intelligence (+5).
   Dex:       It affects your dexterity (-4).
   +Blink:    It lets you blink.
Wands
 v - a wand of paralysis (3)
 z - a wand of polymorph (4)
 T - a wand of acid (4)
 U - a wand of digging (10)
 V - a wand of charming (5)
 Y - a wand of flame (12)
 Z - a wand of mindburst (5)
Scrolls
 a - 3 scrolls of enchant armour
 b - 2 scrolls of holy word
 e - a scroll of silence
 o - a scroll of summoning
 r - 6 scrolls of fog
 t - 6 scrolls of magic mapping
 w - 3 scrolls of blinking
 C - 3 scrolls of vulnerability
 G - 6 scrolls of immolation
 H - 11 scrolls of identify {@r1}
 N - 7 scrolls of teleportation
 P - 6 scrolls of fear
Potions
 f - 9 potions of brilliance
 g - 4 potions of cancellation
 i - 4 potions of curing
 l - 4 potions of flight
 m - 5 potions of might
 s - 2 potions of resistance
 u - 8 potions of magic
 A - a potion of invisibility
 B - 6 potions of haste
 D - 2 potions of heal wounds
 E - 6 potions of mutation
 I - 5 potions of ambrosia
 J - 6 potions of lignification
 K - 4 potions of attraction
Miscellaneous
 d - a piece from Xom's chessboard (15/15)
 Q - a lightning rod (4/4)
 X - a phantom mirror


   Skills:
 - Level 11.0 Fighting
 - Level 14.0 Maces & Flails
 - Level 4.0 Throwing
 - Level 9.0 Dodging
 - Level 0.8 Stealth
 + Level 13.7 Shields
 - Level 15.9 Spellcasting
 - Level 6.0 Conjurations
 - Level 9.9 Hexes
 - Level 6.0 Summonings
 - Level 6.7 Necromancy
 - Level 6.0 Translocations
 - Level 10.0 Transmutations
 - Level 6.9 Earth Magic
 - Level 9.4 Invocations
 - Level 12.6 Evocations


You had 4 spell levels left.
You knew the following spells:

 Your Spells              Type           Power      Damage    Failure   Level
a - Borgnjor's Vile Clut  Necr/Erth      35%        N/A       2%          5
b - Statue Form           Tmut/Erth      51%        N/A       6%          6
c - Olgreb's Toxic Radia  Pois           31%        N/A       12%         4
d - Blink                 Tloc           100%       N/A       1%          2
e - Summon Forest         Summ/Tloc      33%        N/A       3%          5
f - Iron Shot             Conj/Erth      34%        9d7       13%         6
g - Manifold Assault      Tloc           67%        N/A       3%          5
h - Apportation           Tloc           100%       N/A       1%          1
x - Summon Cactus Giant   Summ           33%        N/A       16%         6
z - Summon Mana Viper     Hex/Summ       75%        N/A       1%          5

Your spell library contained the following spells:

 Spells                   Type           Power      Damage    Failure   Level
 Animate Skeleton         Necr           100%       N/A       1%          1
 Beastly Appendage        Tmut           100%       N/A       1%          1
 Magic Dart               Conj           100%       1d8       1%          1
 Sandblast                Erth           100%       2d20      1%          1
 Shock                    Conj/Air       100%       1d9       1%          1
 Slow                     Hex            100%       N/A       1%          1
 Sting                    Tmut/Pois      100%       1d8       1%          1
 Summon Small Mammal      Summ           100%       N/A       1%          1
 Corpse Rot               Necr/Air       100%       N/A       1%          2
 Passwall                 Tmut/Erth      64%        N/A       1%          2
 Searing Ray              Conj           100%       2d8       1%          2
 Wereblood                Tmut           83%        N/A       1%          2
 Call Canine Familiar     Summ           67%        N/A       1%          3
 Confusing Touch          Hex            83%        N/A       1%          3
 Dazzling Flash           Conj/Hex       100%       N/A       1%          3
 Gell's Gravitas          Tloc           67%        N/A       1%          3
 Ignite Poison            Fire/Tmut/Pois 71%        N/A       1%          3
 Lesser Beckoning         Tloc           67%        N/A       1%          3
 Portal Projectile        Hex/Tloc       100%       N/A       1%          3
 Spider Form              Tmut/Pois      63%        N/A       1%          3
 Stone Arrow              Conj/Erth      100%       3d13      1%          3
 Summon Guardian Golem    Hex/Summ       75%        N/A       1%          3
 Vampiric Draining        Necr           70%        2d11      1%          3
 Animate Dead             Necr           35%        N/A       1%          4
 Fulminant Prism          Conj/Hex       37%        3d18      1%          4
 Ice Form                 Ice/Tmut       63%        N/A       1%          4
 Leda's Liquefaction      Hex/Erth       38%        N/A       1%          4
 Passage of Golubria      Tloc           67%        N/A       1%          4
 Petrify                  Tmut/Erth      77%        N/A       1%          4
 Poisonous Vapours        Pois/Air       62%        N/A       2%          2
 Mephitic Cloud           Conj/Pois/Air  46%        N/A       2%          3
 Frozen Ramparts          Ice            62%        1d8       4%          3
 Ozocubu's Armour         Ice            31%        N/A       4%          3
 Swiftness                Air            31%        N/A       4%          3
 Summon Ice Beast         Ice/Summ       53%        N/A       4%          4
 Airstrike                Air            15%        N/A       12%         4
 Blade Hands              Tmut           41%        N/A       1%          5
 Irradiate                Conj/Tmut      38%        3d26      1%          5
 Yara's Violent Unravell  Hex/Tmut       41%        3d16      1%          5
 Agony                    Necr           70%        N/A       2%          5
 Excruciating Wounds      Necr           35%        N/A       2%          5
 Lee's Rapid Deconstruct  Erth           35%        3d19*     2%          5
 Iskenderun's Battlesphe  Conj           67%        2d12      3%          5
 Alistair's Intoxication  Tmut/Pois      42%        N/A       4%          5
 Metabolic Englaciation   Hex/Ice        31%        N/A       4%          5
 Silence                  Hex/Air        31%        N/A       4%          5
 Fireball                 Conj/Fire      34%        3d14      11%         5
 Death Channel            Necr           35%        N/A       12%         6
 Freezing Cloud           Conj/Ice/Air   23%        6-21      14%         5
 Dispersal                Tloc           33%        N/A       16%         6
 Dragon Form              Tmut           41%        N/A       16%         7
 Eringya's Noxious Bog    Tmut/Pois      31%        N/A       22%         6
 Simulacrum               Ice/Necr       27%        N/A       38%         6
 Conjure Ball Lightning   Conj/Air       26%        3x3d7     43%         6
 Haunt                    Necr/Summ      34%        N/A       52%         7
 Malign Gateway           Summ/Tloc      33%        N/A       58%         7
 Monstrous Menagerie      Summ           33%        N/A       58%         7
 Orb of Destruction       Conj           33%        9d12      58%         7
 Summon Hydra             Summ           33%        N/A       58%         7
 Storm Form               Tmut/Air       31%        N/A       71%         7
 Necromutation            Tmut/Necr      38%        N/A       89%         8
 Infestation              Necr           35%        N/A       98%         8
 Lehudib's Crystal Spear  Conj/Erth      34%        10d9      98%         8
 Summon Horrible Things   Summ           33%        N/A       99%         8
 Ozocubu's Refrigeration  Ice            15%        4d8       100%        7
 Chain Lightning          Conj/Air       26%        3d35      100%        9
 Death's Door             Necr           35%        N/A       100%        9
 Dragon's Call            Summ           33%        N/A       100%        9
 Animate Armour           Summ/Erth      Unusable   N/A       N/A         4

Dungeon Overview and Level Annotations

Branches:
Dungeon (15/15)            Temple (1/1) D:5            Lair (6/6) D:9
 Shoals (0/4) Lair:4       Spider (4/4) Lair:3        Slime (0/5) Lair:5
    Orc (2/2) D:10            Elf (3/3) Orc:2        Vaults (0/5) D:13
 Depths (2/4) D:15          Sewer (visited)         Ossuary (visited)
Volcano (visited)          WizLab (1/1)

Altars:
Ashenzari
Cheibriados
Dithmenos
Elyvilon
Fedhas
Gozag
Hepliaklqana
Kikubaaqudgha
Makhleb
Nemelex Xobeh
Okawaru
Qazlal
Ru
Sif Muna
Trog
Uskayaw
Vehumet
Wu Jian
Xom
Yredelemnul
Zin
The Shining One

Shops:
D:1 !   D:3 [   Orc:1 =   Orc:2 ***!   Elf:1 =   Elf:2 *   Depths:2 (!:*

Portals:
Hell: Depths:1 Depths:2
Abyss: Depths:1 Depths:2
Pandemonium: Depths:1 Depths:2
Ziggurat: Depths:1

Annotations:
WizLab exclusion: oklob plant


Innate Abilities, Weirdness & Mutations

You are a living statue of rough stone.
Your actions are slow, but your melee attacks are powerful.
You are resistant to unholy torment.
Your maximum health is greatly increased.
You are immune to poison.
Your equipment is partially melded.
((You can breathe bolts of dispelling energy.))
((Your rich purple scales are hard. (AC +10)))
You cannot fit into any form of body armour.
You are cold-blooded and may be slowed by cold attacks.
Your spells are a little harder to cast, but a little more powerful.


Message History

* * * LOW HITPOINT WARNING * * *
Your mana viper closely misses the hornet.
You hit the shambling mangrove but do no damage.
The shambling mangrove is almost destroyed.
The hornet stings your mana viper.
Your mana viper dies!
Your mana viper disappears in a puff of smoke!
The hornet stings you but does no damage.
You block the shambling mangrove's attack.
The grasping roots constrict you!
* * * LOW HITPOINT WARNING * * *
You block the hornet's attack.
The roots' grasp on you weakens, but your attempt to escape fails.
You block the hornet's attack. The hornet barely misses you.
The shambling mangrove closely misses you.
The grasping roots constrict you. You block the hornet's attack.
The hornet stings you.
* * * LOW HITPOINT WARNING * * *
You feel much better. You block the hornet's attack. x2
You block the shambling mangrove's attack.
The grasping roots constrict you!
* * * LOW HITPOINT WARNING * * *
The hornet closely misses you. The hornet stings you.
* * * LOW HITPOINT WARNING * * *
The shambling mangrove hits you but does no damage.
The grasping roots constrict you.
Okay, then.
Casting: Summon Mana Viper (mildly dangerous; 1% risk of failure)
Confirm with . or Enter, or press ? or * to list all spells.
Aiming: Borgnjor's Vile Clutch (mildly dangerous; 2% risk of failure)
Press: ? - help, Shift-Dir - straight line, f/p - shambling mangrove
Aim: a shambling mangrove (almost destroyed, 100% to hit)
Zombie hands grab the shambling mangrove.
The zombie hands constrict the shambling mangrove.
You block the hornet's attack.
The hornet stings you but does no damage.
You block the hornet's attack. The hornet stings you!
* * * LOW HITPOINT WARNING * * *
The shambling mangrove hits you!!
You die...

..♣#..f..#♣..
P.....P.....
♣...⌠...♣ ♣.....♣
♣♣♣♣♣♣⌠.⌠♣♣♣♣♣♣♣
................
................
♣♣♣♣♣♣♣f♣♣♣♣♣♣♣♣
♣♣♣...y8..♣♣♣
♣...8..y8...♣♣♣
......∩.∩........
.....8...8......♣
♣♣♣♣.......♣♣♣♣♣♣
♣♣♣♣.♣♣♣♣ ...
..♣. ♣♣ ♣


You could see a shambling mangrove (clutched) and 2 hornets.

Vanquished Creatures
  Nikola (Spider:2)
  Rupert (Lair:3)
  Jorgrun (Elf:1)
  A tentacled monstrosity (Depths:2)
  A titan (Depths:2)
  A deep elf blademaster (Elf:2)
  Gastronok (Lair:1)
  A tengu reaver (Depths:2)
  Donald (Spider:2)
  4 frost giants
  2 fire giants (Depths:1)
  5 emperor scorpions
  5 ghost moths
  A deep elf elementalist (Elf:2)
  3 stone giants
  7 very ugly things
  3 entropy weavers
  5 vampire knights
  A deep elf demonologist (Elf:2)
  A dire elephant (Lair:6)
  8 spark wasps
  Azrael (Spider:2)
  4 deep elf death magi (Elf:1)
  3 ettins
  3 great orbs of eyes
  3 fire dragons
  5 boulder beetles
  A rakshasa (Depths:2)
  12 hydras
  3 ice dragons (Depths:2)
  An ice dragon (shapeshifter) (Elf:1)
  A catoblepas (Lair:6)
  2 ogre magi (Orc:2)
  3 centaur warriors (D:14)
  31 dancing weapons
  5 two-headed ogres
  3 deep troll shamans
  4 deep troll earth magi
  A spriggan berserker (Depths:2)
  3 tengu warriors
  7 death yaks
  A vampire mage (Depths:2)
  16 deep elf knights
  7 iron trolls
  A wizard (D:15)
  5 lindwurms
  2 orc knights
  9 deep elf archers
  5 deep trolls
  Pikel (D:6)
  A glowing orange brain (Depths:2)
  5 phantasmal warriors
  18 deep elf zephyrmancers
  33 deep elf pyromancers
  10 orb spiders
  A mana viper (Orc:2)
  An orc sorcerer (Orc:1)
  25 wolf spiders
  A manticore (D:15)
  7 ugly things
  An oklob plant (Lair:5)
  15 elephants
  2 salamanders (Depths:1)
  9 nameless horrors
  4 cyclopes
  The ghost of Atlas the Gouger, a novice FeTm of Gozag (D:10)
  4 black mambas
  6 moths of wrath
  4 molten gargoyles (Volcano)
  A rust devil (Depths:2)
  Joseph (D:8)
  A smoke demon (Depths:2)
  2 torpor snails
  2 gargoyles
  A hellion (Depths:2)
  8 cane toads
  11 komodo dragons
  4 rime drakes
  4 efreet
  A tengu conjurer (Depths:2)
  8 demonic crawlers
  13 trolls
  A red devil (Depths:2)
  36 jumping spiders
  3 polar bears
  30 blink frogs
  3 meliai (Spider:4)
  8 hornets
  6 slime creatures
  A raiju (shapeshifter) (D:15)
  27 tarantellas
  An air elemental (Elf:2)
  2 shadows (D:12)
  3 wraiths
  4 wyverns
  A water elemental (Elf:1)
  Eustachio (D:5)
  67 redbacks
  A vampire (D:6)
  9 fire elementals
  A basilisk (Lair:5)
  55 yaks
  3 fire bats (Depths:1)
  A chaos spawn (Depths:2)
  A steam dragon (Lair:3)
  5 vampire mosquitoes
  2 hell hounds (Spider:2)
  2 acid dragons
  8 water moccasins
  Duvessa (D:7)
  A floating eye (shapeshifter) (Depths:2)
  12 orc warriors
  A swamp drake (shapeshifter) (Elf:2)
  2 ice beasts
  2 black bears
  8 centaurs
  11 wolves
  11 ogres
  A lemure (D:6)
  An elf zombie (Ossuary)
  5 kobold brigands
  3 earth elementals
  2 gnoll sergeants
  14 bullfrogs
  A wyvern skeleton (D:7)
  6 scorpions
  Dowan (D:7)
  2 howler monkeys
  6 electric eels
  A bullfrog zombie (D:4)
  2 centaur zombies
  A hound (D:7)
  Crazy Yiuf (D:2)
  3 jellies
  5 orc priests
  A bullfrog skeleton (D:7)
  A gnoll shaman (D:6)
  Jessica (D:2)
  3 iguanas
  21 orc wizards
  A scorpion zombie (D:4)
  A hound skeleton (D:4)
  3 mummies (Ossuary)
  2 howler monkey zombies
  8 adders
  23 gnolls
  A river rat (D:6)
  An ufetubus (D:5)
  2 adder skeletons (D:4)
  5 worms
  2 dart slugs
  56 orcs
  7 bats
  11 endoplasms
  A gnoll zombie (Ossuary)
  18 goblins
  17 hobgoblins
  5 jackals
  20 kobolds
  2 quokkas
  14 ball pythons
  8 frilled lizards
  5 goblin zombies (Ossuary)
  4 hobgoblin zombies (Ossuary)
  2 kobold zombies (Ossuary)
  7 rats
  A fire vortex (Volcano)
1042 creatures vanquished.

Vanquished Creatures (collateral kills)
  Arachne (Spider:4)
  A sphinx (Depths:1)
  Frances (Spider:1)
  A fire giant (Depths:1)
  Louise (D:14)
  An entropy weaver (Spider:2)
  A spark wasp (Depths:2)
  2 ettins
  A fire dragon (Depths:2)
  A vault guard (D:13)
  A hydra (D:15)
  2 rakshasas
  A catoblepas (D:15)
  A deep troll earth mage (Depths:2)
  5 two-headed ogres (Orc:2)
  A deep troll shaman (Depths:2)
  A spriggan berserker (Depths:1)
  A fire crab (D:10)
  A deep elf knight (Elf:2)
  2 iron trolls (Depths:2)
  A phantasmal warrior (Depths:1)
  5 deep trolls (Depths:2)
  4 orb spiders
  3 wolf spiders
  A moth of wrath (Spider:4)
  4 slime creatures
  8 ugly things
  A cyclops (Orc:2)
  A manticore (D:13)
  A nameless horror (Orc:2)
  A black mamba (Lair:6)
  Psyche (D:11)
  3 tengu conjurers
  3 demonic crawlers
  4 trolls
  4 jumping spiders
  A jumping spider (shapeshifter) (D:15)
  A blink frog (Lair:6)
  12 redbacks
  12 tarantellas
  A basilisk (D:9)
  5 vampire mosquitoes
  A warg (Orc:2)
  2 water moccasins (Lair:6)
  A hell hound (Spider:2)
  5 orc warriors
  11 ogres
  A jelly (D:4)
  An orc priest (Orc:2)
  4 orc wizards
  A hound skeleton (D:4)
  5 gnolls
  18 orcs
154 creatures vanquished.

Vanquished Creatures (others)
  A spark wasp (Depths:2)
  4 deep elf knights
  A wolf spider (Spider:4)
  3 deep elf pyromancers
  2 black mambas (Lair:6)
  2 jumping spiders
  An air elemental (Elf:2)
  A vampire mosquito (D:6)
  A black bear (D:9)
  An ogre (Orc:2)
  A scorpion (D:4)
  A scorpion (shapeshifter) (Depths:2)
  An orc priest (D:4)
  2 demonic plants (D:2)
  A fire vortex (Volcano)
  49 fungi
  57 plants
  9 snaplasher vines
138 creatures vanquished.

Grand Total: 1334 creatures vanquished

Notes
Turn   | Place    | Note
-------+----------+-------------------------------------------
     0 | D:1      | miscthings the Draconian Artificer began the quest for the
                  | Orb.
     0 | D:1      | Reached XP level 1. HP: 16/16 MP: 1/1
   392 | D:1      | You fall into a shaft and drop 1 floor!
   535 | D:1      | Reached XP level 2. HP: 23/23 MP: 2/2
   572 | D:1      | Found Soapimp's Distillery.
   616 | D:1      | Bought a potion of curing for 36 gold pieces
  1326 | D:1      | Reached XP level 3. HP: 26/28 MP: 3/3
  1494 | D:2      | Found a runed translucent door.
  1495 | D:2      | Noticed Crazy Yiuf
  1601 | D:2      | Noticed Jessica
  1606 | D:2      | Killed Jessica
  1918 | D:2      | Found a faded altar of an unknown god.
  1918 | D:2      | Noticed an Ice Fiend
  2288 | D:2      | Killed Crazy Yiuf
  2289 | D:2      | Reached skill level 5 in Evocations
  2289 | D:2      | Reached XP level 4. HP: 10/36 MP: 4/4
  2872 | D:3      | Reached XP level 5. HP: 3/41 MP: 5/5
  3433 | D:3      | Found Zoepul's Armour Shoppe.
  3699 | D:4      | Reached XP level 6. HP: 20/50 MP: 6/6
  4288 | D:4      | Reached skill level 1 in Throwing
  4288 | D:4      | Your scales start taking on a rich purple colour.
  4288 | D:4      | Reached XP level 7. HP: 54/58 MP: 7/7
  4535 | D:5      | Entered Level 5 of the Dungeon
  4592 | D:5      | Found a staircase to the Ecumenical Temple.
  4599 | Temple   | Entered the Ecumenical Temple
  4855 | Temple   | Became a worshipper of Sif Muna the Loreminder
  4935 | D:5      | Found a sand-covered staircase.
  4943 | Ossuary  | Entered an ossuary
  4943 | Ossuary  | Noticed a wraith
  4943 | Ossuary  | Noticed a wraith
  4943 | Ossuary  | Noticed a wraith
  4981 | Ossuary  | Reached skill level 1 in Spellcasting
  5163 | Ossuary  | Noticed a wraith
  5183 | Ossuary  | Killed a wraith
  5586 | D:5      | Reached skill level 2 in Spellcasting
  5841 | D:5      | Found an ornate altar of the Wu Jian Council.
  5853 | D:5      | Reached skill level 1 in Maces & Flails
  6102 | D:5      | Reached XP level 8. HP: 46/67 MP: 11/11
  6127 | D:5      | Noticed Eustachio
  6456 | D:5      | Killed Eustachio
  6615 | D:6      | HP: 1/67 [vampire mosquito (6)]
  6617 | D:6      | Gained mutation: Your body sometimes deteriorates upon
                  | taking damage. [potion of mutation]
  6617 | D:6      | Gained mutation: Your spells are a little harder to cast,
                  | but a little more powerful. [potion of mutation]
  6617 | D:6      | Lost mutation: Your body sometimes deteriorates upon taking
                  | damage. [potion of mutation]
  6713 | D:6      | Reached skill level 5 in Maces & Flails
  6723 | D:6      | Reached * piety under Sif Muna
  6742 | D:6      | Found a glowing drain.
  6752 | Sewer    | Entered a sewer
  7515 | D:6      | Reached XP level 9. HP: 42/72 MP: 12/12
  8032 | D:6      | Reached ** piety under Sif Muna
  8477 | D:7      | Noticed Pikel
  8604 | D:6      | Killed Pikel
  8707 | D:7      | Reached skill level 10 in Maces & Flails
  8988 | D:7      | Reached *** piety under Sif Muna
  9119 | D:7      | Learned a level 2 spell: Blink
  9436 | D:7      | Noticed Duvessa
  9444 | D:7      | Noticed Dowan
  9445 | D:7      | Killed Duvessa
  9446 | D:7      | Reached skill level 1 in Translocations
  9451 | D:7      | Killed Dowan
  9673 | D:8      | Reached XP level 10. HP: 67/80 MP: 13/13
  9758 | D:8      | Noticed Joseph
  9784 | D:8      | Killed Joseph
 10001 | D:8      | Reached **** piety under Sif Muna
 10802 | D:9      | Noticed an elephant
 10835 | D:9      | Killed an elephant
 10836 | D:9      | Reached skill level 5 in Fighting
 10836 | D:9      | Reached skill level 3 in Spellcasting
 10895 | D:9      | Found a staircase to the Lair.
 10947 | D:9      | Learned a level 5 spell: Manifold Assault
 11398 | D:10     | Entered Level 10 of the Dungeon
 11427 | D:10     | Reached skill level 1 in Invocations
 11666 | D:10     | Reached XP level 11. HP: 64/88 MP: 16/16
 11722 | D:10     | Identified the +8 flail of the Key {vorpal, +Blink Int+2
                  | Dex+2}
 11778 | D:10     | Found a staircase to the Orcish Mines.
 11810 | D:10     | Reached skill level 4 in Spellcasting
 11901 | D:10     | Found a runed translucent door.
 11918 | D:10     | Noticed a fire crab
 11918 | D:10     | Noticed Atlas's ghost (novice FeTm)
 12497 | Lair:1   | Entered Level 1 of the Lair of Beasts
 12570 | Lair:1   | Noticed Gastronok
 12659 | Lair:1   | Learned a level 5 spell: Summon Mana Viper
 12721 | Lair:1   | You fall into a shaft and drop 1 floor!
 12874 | Lair:2   | Noticed an eight-headed hydra
 12887 | Lair:2   | Reached skill level 1 in Hexes
 12887 | Lair:2   | Reached skill level 1 in Summonings
 12895 | Lair:2   | Killed an eight-headed hydra
 12896 | Lair:2   | Reached skill level 5 in Spellcasting
 13629 | Lair:2   | Reached skill level 5 in Translocations
 13768 | Lair:2   | Noticed a five-headed hydra
 13779 | Lair:2   | HP: 4/89 [five-headed hydra (6)]
 13784 | Lair:2   | Killed a five-headed hydra
 14210 | Lair:2   | Noticed a boulder beetle
 14224 | Lair:2   | Killed a boulder beetle
 14364 | Lair:2   | Reached XP level 12. HP: 69/96 MP: 20/20
 14369 | Lair:2   | Reached skill level 6 in Spellcasting
 14805 | Lair:2   | Noticed an eight-headed hydra
 14816 | Lair:2   | Killed an eight-headed hydra
 15581 | Lair:1   | Killed Gastronok
 15582 | Lair:1   | Reached skill level 7 in Spellcasting
 15933 | Lair:1   | Reached ***** piety under Sif Muna
 16223 | Lair:3   | Reached skill level 8 in Spellcasting
 16253 | Lair:3   | Noticed a seven-headed hydra
 16269 | Lair:3   | Killed a seven-headed hydra
 16269 | Lair:3   | Found a hole to the Spider Nest.
 16464 | Lair:3   | Reached skill level 9 in Spellcasting
 16539 | Lair:3   | Received a gift from Sif Muna
 16540 | Lair:3   | Got Sil Puku's Reference Book on Glamour and Necromancy
                  | {god gift}
 16783 | Lair:3   | Reached skill level 10 in Spellcasting
 16864 | Lair:3   | Noticed a five-headed hydra
 16897 | Lair:3   | Killed a five-headed hydra
 16975 | Lair:3   | Noticed Rupert
 17003 | Lair:3   | Killed Rupert
 17004 | Lair:3   | Reached skill level 11 in Spellcasting
 17004 | Lair:3   | Reached XP level 13. HP: 64/102 MP: 26/28
 18006 | Lair:3   | Reached skill level 12 in Spellcasting
 18504 | Lair:4   | Learned a level 1 spell: Beastly Appendage
 18809 | Lair:4   | Reached skill level 13 in Spellcasting
 18882 | Lair:4   | Found a staircase to the Shoals.
 19630 | Lair:5   | Found a dark tunnel.
 19732 | Volcano  | Entered a volcano
 19982 | Volcano  | HP: 5/103 [molten gargoyle (3)]
 19987 | Volcano  | Reached skill level 5 in Dodging
 22235 | Lair:5   | Found a staircase to the Slime Pits.
 22402 | Lair:6   | Entered Level 6 of the Lair of Beasts
 22441 | Lair:6   | Upgraded the game from 0.28-a0-1199-gef9e1dbd39 to
                  | 0.28-a0-1206-g193881aaa2
 22728 | Lair:6   | Reached skill level 5 in Hexes
 22776 | Lair:6   | Reached XP level 14. HP: 70/113 MP: 1/31
 23076 | Lair:6   | Reached skill level 14 in Spellcasting
 23231 | Lair:6   | Reached skill level 5 in Summonings
 23238 | Lair:6   | Received a gift from Sif Muna
 23412 | Lair:6   | Reached skill level 10 in Evocations
 23426 | Lair:6   | Reached skill level 5 in Invocations
 23613 | Lair:6   | Identified the ring of Laom {Wiz +Blink Str+4 Int+5 Dex-4}
 23625 | Lair:6   | Learned a level 5 spell: Summon Forest
 23632 | Lair:6   | Learned a level 6 spell: Summon Cactus Giant
 23928 | D:10     | Killed Atlas's ghost
 23990 | D:11     | Identified a scroll of acquirement
 23991 | D:11     | Acquired the amulet of Past Mistakes {Reflect Drain rElec
                  | Regen+ Int+9 SH+5}
 24061 | D:11     | Learned a level 6 spell: Iron Shot
 24172 | D:11     | Noticed Psyche
 24182 | D:11     | Killed Psyche
 24945 | D:12     | Reached skill level 1 in Conjurations
 24945 | D:12     | Reached skill level 1 in Earth Magic
 25178 | D:13     | Received a gift from Sif Muna
 25179 | D:13     | Reached skill level 1 in Shields
 25181 | D:13     | Got Ulacyerch's Almanac of Twisted Calling {god gift}
 25188 | D:13     | Learned a level 5 spell: Borgnjor's Vile Clutch
 25447 | D:13     | Identified the +1 leather armour "Deelont" {Int+6}
 25455 | D:13     | Noticed Sonja
 25458 | D:13     | Noticed Sonja
 25458 | D:13     | Sonja changed into Sonja the hornet
 25465 | D:13     | Killed Sonja the hornet
 25497 | D:13     | Found a gate to the Vaults.
 25526 | D:13     | Reached skill level 1 in Necromancy
 26477 | D:14     | Reached XP level 15. HP: 107/122 MP: 28/33
 26587 | D:14     | Noticed Louise
 26625 | D:14     | Killed Louise
 26951 | D:14     | Learned a level 1 spell: Apportation
 26966 | D:15     | Entered Level 15 of the Dungeon
 27786 | D:15     | Found a staircase to the Depths.
 27972 | Orc:1    | Entered Level 1 of the Orcish Mines
 28123 | Orc:1    | Paralysed by an orc sorcerer for 3 turns
 28129 | Orc:1    | Received a gift from Sif Muna
 28130 | Orc:1    | Got Sif Muna's Reference Book on the Feathery Rocks {god
                  | gift}
 28258 | Orc:2    | Entered Level 2 of the Orcish Mines
 28386 | Orc:2    | Found Huleutz's Distillery.
 28742 | Orc:1    | Found a shimmering blue altar of Sif Muna.
 28947 | Orc:1    | Received a gift from Sif Muna
 28984 | Orc:1    | Found Jiocaadu's Jewellery Boutique.
 29111 | Orc:2    | Found Epithraff's Assorted Antiques.
 29118 | Orc:2    | Bought a potion of might for 64 gold pieces
 29118 | Orc:2    | Bought a potion of curing for 48 gold pieces
 29118 | Orc:2    | Bought a potion of might for 64 gold pieces
 29120 | Orc:2    | Found Meten's Assorted Antiques.
 29121 | Orc:2    | Found Qopsogro's Assorted Antiques.
 29128 | Orc:2    | Noticed Nessos
 29146 | Orc:2    | Noticed Nessos
 29146 | Orc:2    | Nessos changed into Nessos the mana viper
 29333 | Orc:2    | Killed Nessos the mana viper
 29393 | Orc:2    | Bought a potion of heal wounds for 110 gold pieces
 29416 | Orc:2    | Found a staircase to the Elven Halls.
 29833 | Orc:1    | Bought the ring of Popenalu {Fire rPois Str+6} for 732 gold
                  | pieces
 30031 | Spider:1 | Entered Level 1 of the Spider Nest
 30037 | Spider:1 | Learned a level 4 spell: Olgreb's Toxic Radiance
 30380 | Spider:1 | Reached XP level 16. HP: 80/132 MP: 25/34
 30403 | Spider:1 | Received a gift from Sif Muna
 30453 | Spider:1 | Reached skill level 15 in Spellcasting
 31336 | Spider:1 | Noticed Frances
 31347 | Spider:1 | Killed Frances
 31725 | Spider:2 | Noticed Donald
 31793 | Spider:2 | Killed Donald
 31851 | Spider:2 | Reached skill level 5 in Earth Magic
 31950 | Spider:2 | Noticed Nikola
 31972 | Spider:2 | Killed Nikola
 31973 | Spider:2 | Reached skill level 5 in Shields
 32061 | Spider:2 | Received a gift from Sif Muna
 32062 | Spider:2 | Got Taxan's Grimoire of the Entrancing Escort {god gift}
 32130 | Spider:2 | Reached skill level 5 in Conjurations
 32289 | Spider:2 | Reached skill level 5 in Necromancy
 32465 | Spider:2 | Reached skill level 10 in Fighting
 32860 | Spider:2 | Noticed Azrael
 32907 | Spider:2 | Killed Azrael
 33349 | Spider:3 | Received a gift from Sif Muna
 33507 | Spider:3 | Got Sif Muna's Guide on Twisted Lightness {god gift}
 33881 | Spider:4 | Entered Level 4 of the Spider Nest
 33947 | Spider:4 | Reached XP level 17. HP: 93/137 MP: 9/36
 34002 | Spider:4 | Noticed Arachne
 34018 | Spider:4 | Killed Arachne
 34454 | Spider:4 | Learned a level 6 spell: Statue Form
 34550 | Spider:4 | Reached skill level 1 in Transmutations
 34808 | Spider:4 | Reached skill level 5 in Transmutations
 35004 | Spider:4 | Received a gift from Sif Muna
 35015 | Spider:4 | Got Sif Muna's Guide on Transmigration {god gift}
 35037 | Spider:4 | Got a gossamer rune of Zot
 35436 | Depths:1 | Entered Level 1 of the Depths
 35436 | Depths:1 | Found a one-way gateway to a ziggurat.
 35518 | Depths:1 | Found a one-way gate leading to the halls of Pandemonium.
 35539 | Depths:1 | Paralysed by a vampire knight for 2 turns
 35545 | Depths:1 | You fall into a shaft and drop 1 floor!
 35545 | Depths:2 | Found Satelem's Book Shop.
 35591 | Depths:2 | Found Xepihu's Assorted Antiques.
 35591 | Depths:2 | Found Femiru's Weapon Boutique.
 35596 | Depths:2 | Found Goeraox's Distillery.
 35963 | Depths:2 | Found a one-way gate to the infinite horrors of the Abyss.
 36065 | Depths:2 | Reached skill level 10 in Transmutations
 36508 | Depths:2 | Found a gateway to Hell.
 36514 | Depths:2 | Reached XP level 18. HP: 108/147 MP: 31/37
 36795 | Depths:2 | Paralysed by a great orb of eyes for 5 turns
 36910 | Depths:2 | Noticed a tentacled monstrosity
 36919 | Depths:2 | Killed a tentacled monstrosity
 37053 | Depths:2 | Received a gift from Sif Muna
 37054 | Depths:2 | Got Sif Muna's Collected Works on Calling and Black Secrets
                  | {god gift}
 37716 | Depths:1 | Reached ****** piety under Sif Muna
 37862 | Depths:1 | Found a bloodstained altar of Trog.
 38221 | Depths:1 | Cast into level 3 of the Abyss (spriggan berserker)
 38228 | Depths:1 | Escaped the Abyss
 38269 | Depths:1 | Identified the +0 pair of gloves "Ygiedo" {rC+++}
 38624 | Elf:1    | Entered Level 1 of the Elven Halls
 39252 | Elf:1    | Received a gift from Sif Muna
 39262 | Elf:1    | Got Sif Muna's Volume of Lightness and Darkness {god gift}
 39304 | Elf:1    | Reached skill level 10 in Shields
 39326 | Elf:1    | Noticed Jorgrun
 39339 | Elf:1    | Killed Jorgrun
 39496 | Elf:1    | Found Axig's Jewellery Shop.
 39754 | Elf:2    | Paralysed by an air elemental for 1 turns
 39794 | Elf:2    | Reached XP level 19. HP: 138/157 MP: 14/38
 39949 | Elf:2    | Found Tieghoa's Assorted Antiques.
 39981 | Elf:2    | Bought a scroll of holy word for 240 gold pieces
 40527 | Elf:2    | Found a runed translucent gate.
 40527 | Elf:2    | Found a runed translucent gate.
 40528 | Elf:2    | Found a runed translucent gate.
 40862 | Elf:2    | Received a gift from Sif Muna
 40872 | Elf:2    | Got Sif Muna's Reference Book on Ashen Orientation {god
                  | gift}
 41037 | Elf:3    | Entered Level 3 of the Elven Halls
 41143 | Elf:3    | Found a magical portal.
 41167 | WizLab   | Entered Eringya's Formal Garden
 41206 | WizLab   | Mangled by a shambling mangrove

Illustrated notes

Levels and vault maps discovered:
D:1:      lightli_arrival_boilingwater, layout_basic, serial_shops,
          nicolae_shop_hallway_stairs, minmay_bisected
D:2:      layout_loops_corners, dreamdust_ecumenical_altar_sealed_demon,
          minmay_hedge_maze, minmay_misc_feat_tiny, serial_bayou_lagoon_a,
          minmay_strange_pillars, uniq_jessica, uniq_crazy_yiuf_cottage
D:3:      layout_loops_ring, serial_shops, shop, kennysheep_generic_room_13
D:4:      minmay_recursive_quarters, layout_basic,
          minmay_fractal_squares_diagonal_5
D:5:      layout_loops_ring, nicolae_wu_jian_wuxing_cycle,
          minmay_temple_entry_sparse_star, chequers_ossuary_entry_cave,
          serial_glass, glass_columns_c, glass_columns_a, glass_columns_b,
          glass_columns_c, glass_columns_a, glass_columns_a, glass_columns_a,
          glass_columns_b, glass_columns_a, glass_columns_b, uniq_eustachio
D:6:      layout_rooms, cheibrodos_sewer_entry_sluice, kennysheep_cross_room
D:7:      corexii_shantytown, layout_gridville, hex_tiny,
          mrwooster_statue_mirror, uniq_pikel, uniq_duvessa
D:8:      layout_loops_ring, uniq_joseph
D:9:      layout_roguey, david_lair_generic
D:10:     layout_loops_ring, orc_david_3, serial_co_window_serial,
          co_window_paths_a, co_window_paths_a, co_window_paths_b,
          co_window_of_opportunity_a, co_window_corner_a, co_window_broadway_a,
          co_window_unsneaky_path_b, co_window_paths_c, co_window_broadway_b,
          co_window_corner_b, co_window_paths_e, co_window_4corner_a,
          glass_columns_a, glass_columns_b, glass_columns_b, glass_columns_a,
          glass_columns_b, ebering_ghost_inner_flame
D:11:     layout_roguey, uniq_psyche
D:12:     minmay_angry_zag, layout_cave_pools
D:13:     kennysheep_funnel, layout_long_grid, david_vaults_5, uniq_sonja
D:14:     layout_basic, minmay_misc_feat_plants, uniq_louise
D:15:     gammafunk_enter_depths_forms, layout_basic
Temple:   mainiacjoe_temple_circle_huts
Lair:1:   layout_hall_layers, uniq_gastronok
Lair:2:   layout_layer_cave, hangedman_lair_unloving_vines, minivault_25,
          grunt_megastairs_5
Lair:3:   layout_hall_layers, spider_nest_entry_a, st_stairs_8, minivault_19,
          grunt_megastairs_1, serial_bayou_shore_a, infiniplex_staircase_pool,
          uniq_rupert
Lair:4:   layout_concentric_octagons, shoals_dummy_entry, grunt_megastairs_2
Lair:5:   layout_layer_cave, minmay_slime_entry_oklob_enclosed,
          nicolae_volcano_entry_hallway, nicolae_lair_lindhole
Lair:6:   grunt_lair_end_beastmaster, layout_misc_corridors
Spider:1: layout_chambers, nicolae_spider_bzzzt, uniq_frances
Spider:2: layout_chambers, uniq_donald, uniq_nikola, uniq_azrael
Spider:3: layout_spider_delve
Spider:4: spider_rune_water, uniq_arachne
Orc:1:    layout_diamond_mine, serial_shops, nicolae_shop_behind_doors,
          led_sif_book
Orc:2:    st_orc_open, layout_caves, guppyfry_library_mini, uniq_nessos
Elf:1:    elf_arrival_001, layout_onion_city, serial_shops, nicolae_shop_trees,
          minmay_elf_crystal_heptagon, uniq_jorgrun
Elf:2:    nicolae_elf_blades_splatter_lattice
          [nicolae_blade_entry_crossed_weapons], layout_geoelf_octagon,
          serial_shops, shop_coins, grunt_ministairs_15,
          hangedman_elven_pyramids, minmay_crystal_room
Elf:3:    minmay_elf_hall_spiked, layout_onion_city, mu_enter_wizlab_1
Depths:1: minmay_shrinking_squares, layout_cave_pools, enter_ziggurat_b,
          abyss_entry, pan_entry, pf_hell_entry_great_geh,
          hangedman_abyss_or_decor_clamps, kennysheep_crisscross,
          trog_three_pillars_becter, infiniplex_staircase_pool_lava
Depths:2: hourglass_vault, layout_honeycomb, grunt_hell_entry_dis_mu,
          abyss_entry, rand_demon_pan_entry_4, minmay_misc_feat_ornament,
          infiniplex_staircase_river, minmay_shoptagon
WizLab:   wizlab_eringya

Skill      XL: |  1  2  3  4  5  6  7  8  9 10 11 12 13 14 15 16 17 18 19 |
---------------+----------------------------------------------------------+-----
Evocations     | 4 5 6 7 8 9 10 11 12 | 12.6
Fighting       | 2 3 4 5 6 7 8 9 10 11 | 11.0
Throwing       | 1 2 3 4 |  4.0
Spellcasting   | 2 3 5 11 13 14 15 | 15.9
Dodging        | 3 4 5 6 7 8 9 |  9.0
Maces & Flails | 1 7 11 12 14 | 14.0
Translocations | 1 3 5 6 |  6.0
Invocations    | 1 2 4 6 7 8 9 |  9.4
Hexes          | 3 5 6 7 9 |  9.9
Summonings     | 3 4 6 |  6.0
Conjurations   | 2 4 5 6 |  6.0
Earth Magic    | 2 4 5 6 |  6.9
Shields        | 2 4 5 6 11 13 | 13.7
Necromancy     | 1 3 5 6 |  6.7
Transmutations | 10 | 10.0
Stealth        | |  0.8

Action                   |  1- 3 |  4- 6 |  7- 9 | 10-12 | 13-15 | 16-18 | 19-21 || total
-------------------------+-------+-------+-------+-------+-------+-------+-------++-------
Melee: Club              |    34 |       |       |       |       |       |       ||    34
       Tailslap          |    17 |    16 |    82 |   114 |   228 |   207 |    27 ||   691
       Dagger            |   123 |       |       |       |       |       |       ||   123
       Quarterstaff      |       |   111 |    77 |       |       |       |       ||   188
       Whip              |       |       |   445 |   206 |       |       |       ||   651
       Flail             |       |       |       |   496 |  1091 |   989 |   171 ||  2747
       Kick              |       |       |       |       |   135 |       |       ||   135
       Headbutt          |       |       |       |       |    92 |       |       ||    92
Throw: Throwing net      |       |       |     1 |     1 |     1 |     1 |       ||     4
       Dart              |       |       |       |     8 |    10 |       |       ||    18
 Cast: Blink             |       |       |       |     1 |       |       |       ||     1
       Manifold Assault  |       |       |       |     3 |    11 |     3 |       ||    17
       Beastly Appendage |       |       |       |       |    37 |       |       ||    37
       Summon Mana Viper |       |       |       |       |    32 |    35 |     3 ||    70
       Summon Cactus Gia |       |       |       |       |    17 |    24 |       ||    41
       Borgnjor's Vile C |       |       |       |       |    33 |    97 |    26 ||   156
       Summon Forest     |       |       |       |       |    12 |    23 |     1 ||    36
       Olgreb's Toxic Ra |       |       |       |       |     7 |    44 |       ||    51
       Statue Form       |       |       |       |       |       |    21 |     7 ||    28
Invok: Channel Magic     |       |       |       |       |       |     1 |       ||     1
       Forget Spell      |       |       |       |       |       |     1 |       ||     1
 Abil: Breathe Dispellin |       |       |    21 |    10 |     8 |     4 |       ||    43
       End Transformatio |       |       |       |       |       |     1 |       ||     1
       Evoke Blink       |       |       |       |       |       |     1 |       ||     1
Evoke: Wand              |     7 |     8 |    11 |     9 |    26 |    23 |       ||    84
       Piece from Xom's  |       |     3 |    22 |    12 |    13 |       |       ||    50
       Phantom mirror    |       |       |       |       |     2 |     2 |       ||     4
       Lightning rod     |       |       |       |       |       |     7 |       ||     7
  Use: Scroll            |       |     1 |    16 |    11 |     9 |     5 |       ||    42
       Potion            |       |       |     5 |     4 |     7 |     6 |     2 ||    24
 Stab: Sleeping          |     1 |     7 |     4 |       |     2 |       |       ||    14
       Petrified         |       |     8 |     6 |       |    19 |       |       ||    33
       Paralysed         |       |     3 |     3 |    14 |       |    19 |       ||    39
       Petrifying        |       |       |     1 |       |     1 |       |       ||     2
       Held in net/web   |       |       |     2 |       |       |       |       ||     2
       Confused          |       |       |       |     1 |       |       |       ||     1
       Distracted        |       |       |       |       |     3 |     6 |       ||     9
Armor: Skin              |    58 |    31 |   145 |   247 |   379 |   661 |    94 ||  1615
Dodge: Dodged            |   132 |    66 |   306 |   370 |   579 |   827 |   100 ||  2380
Block: Other             |       |       |       |       |    89 |   154 |       ||   243
       Reflection        |       |       |       |       |     4 |    19 |    13 ||    36
       Buckler           |       |       |       |       |       |   206 |    68 ||   274
       Kite shield       |       |       |       |       |       |       |    92 ||    92

Table legend: (Time is in decaauts)
 A = Elapsed time spent in this place.
 B = Non-inter-level travel time spent in this place.
 C = Inter-level travel time spent in this place.
 D = Time resting spent in this place.
 E = Time spent auto-exploring this place.
 F = Levels seen in this place.
 G = Mean time per level.
                   A        B        C        D        E       F      G
               +--------+--------+--------+--------+--------+-----+--------+
         Total |  41236 |  38443 |   2793 |   8340 |  19432 |  38 | 1085.2 |
       Dungeon |  15173 |  13811 |   1362 |   1933 |   8377 |  15 | 1011.5 |
        Temple |    452 |    421 |     31 |    172 |    154 |   1 |  452.0 |
          Lair |   9783 |   9228 |    555 |   2905 |   3952 |   6 | 1630.5 |
   Spider Nest |   5093 |   4800 |    293 |    685 |   2498 |   4 | 1273.2 |
  Orcish Mines |   1972 |   1604 |    368 |    195 |    892 |   2 |  986.0 |
   Elven Halls |   2779 |   2708 |     71 |    103 |   1553 |   3 |  926.3 |
        Depths |   3198 |   3087 |    111 |    642 |   1536 |   2 | 1599.0 |
         Abyss |      9 |      9 |      0 |      0 |      0 |   1 |    9.0 |
         Sewer |    569 |    569 |      0 |    197 |    190 |   1 |  569.0 |
       Ossuary |    667 |    667 |      0 |    231 |    254 |   1 |  667.0 |
       Volcano |   1497 |   1497 |      0 |   1268 |     19 |   1 | 1497.0 |
        Wizlab |     39 |     39 |      0 |      7 |      5 |   1 |   39.0 |
               +--------+--------+--------+--------+--------+-----+--------+

Top non-repeatable levels by time:
  Lair:2: 2894 daAuts
Depths:2: 2045 daAuts
  Lair:5: 1787 daAuts
  Lair:3: 1777 daAuts
Spider:1: 1721 daAuts
     D:2: 1614 daAuts
Spider:2: 1606 daAuts
 Volcano: 1497 daAuts
   Elf:2: 1391 daAuts
     D:1: 1288 daAuts
   Elf:1: 1256 daAuts
Spider:4: 1243 daAuts
  Lair:1: 1201 daAuts
    D:10: 1189 daAuts
     D:8: 1180 daAuts
